 Dungeon Crawl Stone Soup version 0.31.0-12-g77e489cdc1 (webtiles) character file.

Game seed: 7242998474957046983

107751 Curundu the Executioner (level 16, -30/240 HPs)
             Began as a Minotaur Berserker on Feb 27, 2024.
             Was a High Priest of Trog.
             Killed from afar by a deep elf zephyrmancer (32 damage)
             ... with a bolt of lightning
             ... on level 2 of the Elven Halls on Feb 28, 2024.
             The game lasted 01:25:56 (22217 turns).

Curundu the Executioner (Minotaur Berserker)       Turns: 22217, Time: 01:25:57

Health: -30/240    AC: 26    Str: 34    XL:     16   Next: 1%
Magic:  15/15      EV: 17    Int:  4    God:    Trog [*****.]
Gold:   2386       SH:  5    Dex: 12    Spells: 15/15 levels left

rFire   . . .        C - +6 broad axe
rCold   . . .        N - +0 buckler
rNeg    . . .        n - +6 chain mail of Bitterness {+Inv rPois Str+6}
rPois   +            w - +0 hat
rElec   .            A - +0 cloak
rCorr   .            R - +0 pair of gloves
SInv    +            O - +2 pair of slick slippers {slick, slippery, EV+4}
Will    +....        u - amulet of regeneration Stlth
                     o - ring of poison resistance
HPRegen 1.40/turn    p - ring of see invisible
MPRegen 0.14/turn

%: no passive effects
@: berserking, slowed, studying Armour
A: horns 2, retaliatory headbutt
a: Renounce Religion, Evoke Invisibility, Berserk, Trog's Hand, Brothers in Arms


You were on level 2 of the Elven Halls.
You worshipped Trog.
Trog was extremely pleased with you.
You visited 3 branches of the dungeon, and saw 19 of its levels.
You also visited: Ossuary and Bailey.

You collected 2386 gold pieces.

Inventory:

Hand Weapons
 C - a +6 broad axe (weapon)
 U - a +4 scimitar of flaming
Missiles
 s - 10 boomerangs (quivered)
 y - 8 throwing nets
Armour
 h - a +0 plate armour
 n - the +6 chain mail of Bitterness (worn) {+Inv rPois Str+6}
   (You found it on level 7 of the Dungeon)

   Str+6:     It affects your strength (+6).
   rPois:     It protects you from poison +Inv: It lets you turn invisible.
 w - a +0 hat (worn)
 A - a +0 cloak (worn)
 N - a +0 buckler (worn)
 O - the +2 pair of slick slippers (worn) {slick, slippery, EV+4}
   (You found it on level 12 of the Dungeon)

   Slick:     Its wearer cannot be constricted, engulfed, netted or webbed.
   Slippery:  Its wearer slips away from damaging melee attacks, pulling the
   attacker onward.
   EV+4:      It affects your evasion (+4).
 R - a +0 pair of gloves (worn)
Jewellery
 k - an amulet of reflection
 o - a ring of poison resistance (left hand)
 p - a ring of see invisible (right hand)
 u - an amulet of regeneration (around neck)
 L - the ring "Reqean" {rF- rN+ rCorr Dex+2 Stlth+}
   (You found it on level 12 of the Dungeon)

   [ring of resist corrosion]

   Dex+2:     It affects your dexterity (+2).
   rF-:       It makes you vulnerable to fire.
   rN+:       It protects you from negative energy.
   rCorr:     It protects you from acid and corrosion.
   Stlth+:    It makes you more stealthy.
 T - a +4 ring of protection
Wands
 j - a wand of mindburst (8)
 l - a wand of polymorph (10)
 r - a wand of flame (50)
 D - a wand of roots (13)
 H - a wand of paralysis (4)
 Q - a wand of quicksilver (7)
 S - a wand of digging (4)
Scrolls
 a - a scroll of torment
 c - a scroll of summoning
 f - 4 scrolls of teleportation
 m - 4 scrolls of fog
 t - 4 scrolls of enchant armour
 F - 2 scrolls of immolation
 J - 2 scrolls of identify
 K - a scroll of poison
Potions
 b - 2 potions of haste
 d - 3 potions of resistance
 e - 6 potions of heal wounds
 g - 2 potions of berserk rage
 i - 2 potions of lignification
 q - a potion of degeneration {unknown}
 v - 10 potions of curing
 x - 5 potions of invisibility
 z - 3 potions of might
 B - 3 potions of mutation
 E - 2 potions of attraction {unknown}
 G - 4 potions of enlightenment {unknown}
 I - a potion of cancellation {unknown}
Miscellaneous
 M - a sack of spiders
 P - a tin of tremorstones (2/2)


   Skills:
 + Level 19.0 Fighting
 + Level 21.9 Axes
 + Level 0.8 Throwing
 + Level 19.5 Armour
 + Level 10.0 Dodging
 - Level 3.0 Stealth
 + Level 7.2 Shields


You had 15 spell levels left.
You didn't know any spells.
Your spell library was empty.

Dungeon Overview and Level Annotations

Branches:
Dungeon (15/15)            Temple (0/1) D:7            Lair (0/5) D:9
    Orc (2/2) D:11            Elf (2/3) Orc:2        Vaults (0/5) D:14
 Depths (0/4) D:15        Ossuary (visited)          Bailey (visited)

Altars:
Fedhas
Kikubaaqudgha
Makhleb

Shops:
D:1 :

Annotations:
D:5 2 transporters, LoggersVIII's ghost, novice OpEE
D:9 2 runed translucent doors, exclusion: orange crystal statue


Innate Abilities, Weirdness & Mutations

You have a pair of horns on your head.
You reflexively headbutt those who attack you in melee.


Message History

The +0 battleaxe of electrocution hits you but does no damage.
You are electrocuted!
* * * LOW HITPOINT WARNING * * *
The deep elf zephyrmancer mumbles some strange words.
The deep elf zephyrmancer blinks!
The deep elf zephyrmancer casts a spell at you.
The bolt of lightning hits the deep elf knight!!
The bolt of lightning hits you!!
* * * LOW HITPOINT WARNING * * *
You hear a shout!
You are too confused!
You are too confused!
You feel much better.
You feel less confused.
The deep elf knight casts a spell at you.
The shard of ice misses you.
The +0 battleaxe of electrocution hits you but does no damage.
The +0 battleaxe of electrocution hits you.
* * * LOW HITPOINT WARNING * * *
You slip backwards!
You are electrocuted!
* * * LOW HITPOINT WARNING * * *
A water elemental comes into view.
A red film seems to cover your vision as you go berserk!
You feel yourself moving faster!
You feel mighty!
The deep elf knight casts a spell at you.
The shard of ice hits you!!
* * * LOW HITPOINT WARNING * * *
The deep elf archer casts a spell.
The deep elf archer blinks!
The +0 battleaxe of electrocution hits you but does no damage.
The deep elf knight closely misses you.
The deep elf archer points at you and mumbles some strange words.
The deep elf knight resists with almost no effort.
The +0 battleaxe of electrocution hits you but does no damage.
You are electrocuted!!
* * * LOW HITPOINT WARNING * * *
The deep elf zephyrmancer casts a spell at you.
The bolt of lightning hits the deep elf knight!!
The bolt of lightning hits you!!
You die...

#.# #§# . #.###e### .#
#.#..e..##.# #.?.e..E.'#
#..?..e...# #...e.....#
#........>'..
#(e§......###
#@........# ##)......##
##'#[....## #####
####.######## ###...##
###.#'## #.......
#.....###########.......
#.....'.)......['.......
#.....###########.......
###.#'# #.......


You could see a deep elf archer (repels missiles), a deep elf knight (fast,
invisible), a water elemental, a deep elf pyromancer, 3 deep elf zephyrmancers
and a +0 battleaxe of electrocution.

Vanquished Creatures
  Jorgrun (D:14)
  Rupert (D:14)
  Frances (D:14)
  3 deep elf sorcerers
  2 orc warlords
  2 deep elf annihilators (Elf:1)
  A deep elf death mage (Elf:1)
  An ettin (Orc:2)
  A fire dragon (D:14)
  Fannar (D:11)
  An ogre mage (D:14)
  Harold (D:11)
  An anaconda (D:12)
  A hydra (D:14)
  A death knight (D:15)
  2 centaur warriors
  7 dancing weapons
  14 two-headed ogres
  2 boulder beetles
  2 deep troll earth magi (Elf:1)
  2 tengu warriors (D:15)
  An orc high priest (Elf:1)
  Sonja (D:12)
  4 skysharks (D:12)
  13 deep elf knights
  5 skeletal warriors (D:14)
  A mana viper (shapeshifter) (D:15)
  5 deep trolls
  9 deep elf archers
  3 orc knights
  23 deep elf pyromancers
  The ghost of Consumeair16 the Shield-Bearer, a novice GnFi of the Shining One (D:6)
  Pikel (D:5)
  19 deep elf zephyrmancers
  7 ugly things
  5 orc sorcerers
  6 cyclopes
  2 manticores
  Maurice (D:7)
  A kobold blastminer (Orc:2)
  A meliai (shapeshifter) (Elf:2)
  Joseph (D:7)
  A gargoyle (D:12)
  Maggie (D:7)
  3 centaur skeletons (D:14)
  A freezing wraith (D:15)
  3 komodo dragons
  An unseen horror (D:13)
  An efreet (D:14)
  3 tengu conjurers (D:15)
  Psyche (D:12)
  A yaktaur (D:14)
  7 trolls
  A hornet (D:10)
  2 merfolk (D:12)
  A meliai zombie (D:12)
  5 air elementals
  5 slime creatures (D:14)
  4 water elementals
  A wyvern (D:7)
  5 vampires
  A spriggan (shapeshifter) (D:15)
  7 shadows (D:12)
  A fire elemental (Elf:1)
  13 wraiths
  A steam dragon (D:10)
  5 yaks (D:11)
  Grum (D:11)
  3 basilisks
  2 acid dragons (D:9)
  A water moccasin (D:6)
  37 orc warriors
  Duvessa (D:7)
  A sky beast (D:8)
  2 ice beasts
  2 black bears (D:5)
  7 ogres
  6 wolves
  A phantom (D:5)
  8 centaurs
  3 lemures (D:5)
  A kobold brigand (D:10)
  3 elf zombies (Ossuary)
  5 bullfrogs
  A gnoll sergeant (D:8)
  2 earth elementals (Elf:1)
  A scorpion (D:6)
  4 wights
  Dowan (D:7)
  16 killer bees
  5 howler monkeys
  An electric eel (D:13)
  2 bombardier beetles (D:5)
  2 hounds
  10 centaur zombies
  2 gnoll boudas
  2 human zombies (Ossuary)
  20 orc priests
  2 sleepcaps
  A boggart zombie (D:12)
  3 iguanas
  19 orc wizards
  A boggart skeleton (D:14)
  9 hound zombies (Ossuary)
  2 mummies (Ossuary)
  21 gnolls
  5 adders
  2 white imps (D:6)
  2 adder zombies (Ossuary)
  2 dart slugs (D:2)
  3 ribbon worms
  78 orcs
  3 endoplasms
  2 giant cockroaches
  3 gnoll zombies (Ossuary)
  18 goblins
  17 hobgoblins
  5 jackals
  8 kobolds
  4 quokkas
  2 ball pythons
  5 bats
  4 frilled lizards
  5 jackal zombies (Ossuary)
  3 kobold zombies (Ossuary)
  7 orc zombies (Ossuary)
  7 rats
629 creatures vanquished.

Vanquished Creatures (others)
  A deep elf knight (Elf:2)
  A fire elemental (Elf:2)
  An electric eel (D:13)
3 creatures vanquished.

Grand Total: 632 creatures vanquished

Notes
Turn   | Place    | Note
-------+----------+-------------------------------------------
     0 | D:1      | Curundu the Minotaur Berserker began the quest for the Orb.
     0 | D:1      | Reached XP level 1. HP: 19/19 MP: 0/0
   159 | D:1      | Found a faded altar of an unknown god.
   576 | D:1      | Found Othreerph's Book Emporium.
   795 | D:1      | Reached XP level 2. HP: 26/27 MP: 1/1
   799 | D:1      | Reached skill level 4 in Axes
  1298 | D:2      | Reached XP level 3. HP: 33/33 MP: 2/2
  1637 | D:2      | Reached ** piety under Trog
  2308 | D:3      | Reached XP level 4. HP: 24/40 MP: 3/3
  2480 | D:3      | Reached skill level 5 in Axes
  3163 | D:4      | Reached XP level 5. HP: 33/47 MP: 4/4
  3245 | D:4      | Noticed a centaur
  3253 | D:4      | Reached skill level 1 in Stealth
  3256 | D:4      | Killed a centaur
  3257 | D:4      | Reached skill level 6 in Axes
  3371 | D:4      | Reached skill level 5 in Fighting
  3384 | D:4      | Reached XP level 6. HP: 15/56 MP: 5/5
  3933 | D:5      | Entered Level 5 of the Dungeon
  3980 | D:5      | Noticed Pikel
  3992 | D:5      | HP: 4/84 [Pikel/+2 whip of freezing (1)]
  3994 | D:5      | Killed Pikel
  3995 | D:5      | Reached skill level 7 in Axes
  3995 | D:5      | Reached XP level 7. HP: 4/63 MP: 6/6
  4320 | D:5      | Reached skill level 8 in Axes
  4320 | D:5      | Reached skill level 5 in Dodging
  4382 | D:5      | Reached XP level 8. HP: 48/71 MP: 7/7
  4557 | D:5      | Found a transporter.
  4559 | D:5      | Noticed LoggersVIII's ghost (novice OpEE)
  4588 | D:5      | Found a transporter.
  5128 | D:5      | Identified a scroll of acquirement
  5128 | D:5      | Acquired a manual of Axes
  5191 | D:6      | Reached skill level 9 in Axes
  5277 | D:6      | Reached skill level 10 in Axes
  5823 | D:6      | Found a transporter.
  5924 | D:6      | Reached skill level 11 in Axes
  6025 | D:6      | Found a transporter.
  6025 | D:6      | Noticed Consumeair16's ghost (novice GnFi)
  6090 | D:6      | Reached XP level 9. HP: 51/79 MP: 8/8
  6118 | D:6      | HP: 1/118 [Consumeair16's ghost (17)]
  6120 | D:6      | Killed Consumeair16's ghost
  6121 | D:6      | Reached skill level 12 in Axes
  6121 | D:6      | Reached skill level 5 in Armour
  6746 | D:7      | Noticed Maggie
  6760 | D:7      | Killed Maggie
  6966 | D:7      | Identified the +6 chain mail of Bitterness {+Inv rPois
                  | Str+6}
  7023 | D:7      | Found a sand-covered staircase.
  7028 | Ossuary  | Entered an ossuary
  7070 | Ossuary  | Reached skill level 13 in Axes
  7089 | Ossuary  | Reached *** piety under Trog
  7378 | D:7      | Found a staircase to the Ecumenical Temple.
  7413 | D:7      | Reached skill level 14 in Axes
  7418 | D:7      | Noticed Maurice
  7424 | D:7      | Something stole an amulet of regeneration
  7425 | D:7      | Killed Maurice
  7459 | D:7      | Reached XP level 10. HP: 83/90 MP: 9/9
  7506 | D:7      | Found a blossoming altar of Fedhas.
  7656 | D:7      | Reached skill level 15 in Axes
  7693 | D:7      | Noticed Joseph
  7703 | D:7      | Killed Joseph
  7883 | D:7      | Noticed Duvessa
  7884 | D:7      | Noticed Dowan
  7891 | D:7      | Killed Duvessa
  7896 | D:7      | Killed Dowan
  8107 | D:8      | Reached **** piety under Trog
  8108 | D:8      | Reached skill level 16 in Axes
  8707 | D:9      | Noticed a two-headed ogre
  8715 | D:9      | Killed a two-headed ogre
  8725 | D:9      | Reached skill level 17 in Axes
  8896 | D:9      | Reached skill level 10 in Fighting
  8939 | D:9      | Found the +10 tower shield of Ignorance {rN+ Int-4}
  8943 | D:9      | Found a runed translucent door.
  8973 | D:9      | Noticed an orange crystal statue
  8995 | D:9      | Found a runed translucent door.
  9083 | D:9      | Found a staircase to the Lair.
  9087 | D:9      | Noticed a two-headed ogre
  9101 | D:9      | Killed a two-headed ogre
  9102 | D:9      | Reached XP level 11. HP: 84/101 MP: 10/10
  9179 | D:9      | Found a flagged portal.
  9278 | Bailey   | Entered a bailey
  9455 | Bailey   | Reached ***** piety under Trog
  9589 | Bailey   | Noticed an orc warlord
  9610 | Bailey   | Killed an orc warlord
 10278 | D:10     | Entered Level 10 of the Dungeon
 10283 | D:10     | Found a burning altar of Makhleb.
 10367 | D:10     | Noticed a two-headed ogre
 10380 | D:10     | Killed a two-headed ogre
 10397 | D:10     | Noticed a two-headed ogre
 10404 | D:10     | Killed a two-headed ogre
 10530 | D:10     | Reached skill level 10 in Armour
 10809 | D:10     | Acquired 885 gold pieces
 11169 | D:11     | Noticed Harold
 11177 | D:11     | Killed Harold
 11287 | D:11     | Noticed a two-headed ogre
 11293 | D:11     | Killed a two-headed ogre
 11294 | D:11     | Reached skill level 18 in Axes
 11479 | D:11     | Found a staircase to the Orcish Mines.
 11497 | D:11     | Reached XP level 12. HP: 102/112 MP: 11/11
 11804 | D:11     | Noticed Grum
 11809 | D:11     | Killed Grum
 11949 | D:11     | Noticed Fannar
 11958 | D:11     | Killed Fannar
 12328 | D:12     | Identified the ring "Reqean" {rF- rN+ rCorr Dex+2 Stlth+}
 12361 | D:12     | Reached skill level 1 in Shields
 12747 | D:12     | Noticed Psyche
 12754 | D:12     | Paralysed by Psyche for 1 turns
 12757 | D:12     | Killed Psyche
 12769 | D:12     | Found a runed translucent door.
 12775 | D:12     | Noticed an anaconda
 12995 | D:12     | Noticed a boulder beetle
 13016 | D:12     | Killed a boulder beetle
 13082 | D:12     | Noticed a two-headed ogre
 13093 | D:12     | Killed a two-headed ogre
 13493 | D:12     | Found the +2 pair of slick slippers {slick, slippery, EV+4}
 13609 | D:12     | Noticed Sonja
 13641 | D:12     | Killed Sonja
 13642 | D:12     | Reached XP level 13. HP: 47/123 MP: 12/12
 13929 | D:13     | Reached skill level 19 in Axes
 14189 | D:13     | Acquired a manual of Armour
 15262 | D:14     | Received a gift from Trog
 15272 | D:14     | Reached skill level 15 in Armour
 15961 | D:14     | Reached skill level 15 in Fighting
 16122 | D:14     | Noticed Frances
 16132 | D:14     | Killed Frances
 16275 | D:14     | Noticed Rupert
 16275 | D:14     | Noticed Jorgrun
 16287 | D:14     | Killed Jorgrun
 16302 | D:14     | Killed Rupert
 16677 | D:14     | Found a gate to the Vaults.
 16709 | D:14     | Noticed a fire dragon
 16720 | D:14     | Killed a fire dragon
 16721 | D:14     | Reached XP level 14. HP: 135/135 MP: 13/13
 17262 | D:15     | Entered Level 15 of the Dungeon
 17492 | D:15     | Reached skill level 20 in Axes
 18134 | D:15     | Found a staircase to the Depths.
 18763 | D:12     | Reached skill level 5 in Shields
 19128 | Orc:1    | Entered Level 1 of the Orcish Mines
 19289 | Orc:2    | Entered Level 2 of the Orcish Mines
 19616 | Orc:2    | Noticed an orc warlord
 19629 | Orc:2    | Killed an orc warlord
 19820 | Orc:2    | Identified the +8 long sword "Tutrako" {holy, rN+ Str-4
                  | Int+3 Dex+7}
 20018 | Orc:2    | Found a staircase to the Elven Halls.
 20029 | Elf:1    | Entered Level 1 of the Elven Halls
 20195 | Elf:1    | Reached XP level 15. HP: 52/139 MP: 14/14
 20340 | Elf:1    | Paralysed by an air elemental for 1 turns
 20481 | Elf:1    | Noticed a deep elf sorcerer
 20492 | Elf:1    | Killed a deep elf sorcerer
 20505 | Elf:1    | Reached skill level 21 in Axes
 20555 | Elf:1    | Found an ancient bone altar of Kikubaaqudgha.
 20849 | Elf:1    | Received a gift from Trog
 21143 | Elf:1    | Paralysed by an air elemental for 1 turns
 21506 | Elf:1    | Paralysed by an air elemental for 1 turns
 21795 | Elf:2    | Noticed a deep elf sorcerer
 21822 | Elf:1    | Killed a deep elf sorcerer
 21924 | Elf:2    | Received a gift from Trog
 21925 | Elf:2    | Paralysed by an air elemental for 1 turns
 22003 | Elf:2    | Noticed a deep elf sorcerer
 22018 | Elf:2    | Killed a deep elf sorcerer
 22147 | Elf:2    | Reached skill level 10 in Dodging
 22205 | Elf:2    | Reached XP level 16. HP: 160/160 MP: 15/15
 22217 | Elf:2    | HP: 2/240 [+0 battleaxe of electrocution (18)]
 22217 | Elf:2    | Killed from afar by a deep elf zephyrmancer

Illustrated notes

Levels and vault maps discovered:
D:1:      matt_arrival_los_fun, layout_loops_corners, serial_shops,
          nicolae_shop_rolling_square, dreamdust_ecumenical_altar_statues
D:2:      layout_basic
D:3:      layout_basic, dreamdust_mushroom_princess, minivault_5
D:4:      layout_loops_ring
D:5:      layout_cave_pools, gammafunk_ghost_mausoleum, nicolae_hexahallways,
          uniq_pikel
D:6:      layout_basic, gammafunk_ghost_hive
D:7:      layout_basic, old_standard_altar, minmay_temple_entry_mist,
          nicolae_ossuary_entry_plus, grunt_decor_junction, uniq_maggie,
          uniq_joseph, uniq_maurice, uniq_duvessa
D:8:      layout_rooms, chequers_mini_garden
D:9:      layout_stronghold, erik_lair_orcish_takeover, enter_bailey_8,
          chequers_guarded_unrand_ignorance
D:10:     layout_cave_pools, bloody_makhleb, kennysheep_generic_room_8
D:11:     layout_roguey, david_orc_2, chequers_serial_rivers_large_a,
          uniq_harold, uniq_fannar, uniq_grum
D:12:     layout_grid_maze, serial_undead, serial_undead_c, serial_undead_c,
          serial_undead_b, serial_undead_d, serial_undead_d, serial_undead_a,
          serial_undead_b, serial_undead_c, serial_undead_d, serial_undead_d,
          nicolae_guarded_unrand_slippers, uniq_psyche, uniq_sonja
D:13:     layout_basic, lemuel_freeze_loot_1
D:14:     layout_roguey, hangedman_vaults_entry_quadrant_bands, uniq_rupert,
          uniq_jorgrun, uniq_frances
D:15:     hangedman_depths_entry_civil_slaughter, layout_long_grid,
          serial_rivers, chequers_serial_rivers_micro_c,
          chequers_serial_rivers_room_a, chequers_serial_rivers_marsh,
          chequers_serial_rivers_micro_a, minmay_misc_feat_pillars,
          hangedman_abyss_or_decor_lesser_grid, minivault_27, fungi_pond_lemuel
Orc:1:    layout_caves, lightli_volcano_entry_magma_tube,
          blackcustard_rock_pile, uniq_erica
Orc:2:    pubby_orc_utopia, serial_shops, uniq_nessos
Elf:1:    nicolae_elf_arrival_no_cutting_in_line, layout_onion_city,
          basic_altar, minivault_28, moated_statue, nicolae_elf_deep_friendship
Elf:2:    elven_hall_of_blades_hangedman_original
          [nicolae_blade_entry_crossed_weapons], layout_geoelf_octagon,
          guppyfry_elf_lava

Skill      XL: |  1  2  3  4  5  6  7  8  9 10 11 12 13 14 15 |
---------------+----------------------------------------------+-----
Axes           | 4 5 6 7 8 11 14 17 18 19 20 21 | 21.9
Fighting       | 4 5 6 7 8 10 12 13 15 17 19 | 19.0
Dodging        | 3 4 5 6 7 8 9 10 | 10.0
Stealth        | 1 2 3 |  3.0
Armour         | 4 6 8 10 13 16 18 19 | 19.5
Shields        | 2 3 5 7 |  7.2
Throwing       | |  0.8

Action                     |  1- 3 |  4- 6 |  7- 9 | 10-12 | 13-15 | 16-18 || total
---------------------------+-------+-------+-------+-------+-------+-------++-------
  Melee: Hand axe          |   100 |    96 |    41 |       |       |       ||   237
         Headbutt          |     8 |     9 |    49 |    89 |   165 |     1 ||   321
         Punch             |       |     1 |       |     3 |       |       ||     4
         War axe           |       |       |   184 |   464 |   224 |       ||   872
         Broad axe         |       |       |       |       |   520 |     3 ||   523
  Throw: Boomerang         |       |       |       |       |     3 |       ||     3
 Invoke: Trog's Hand       |       |     2 |     6 |    13 |    24 |       ||    45
         Berserk           |       |     2 |     3 |     5 |     8 |     1 ||    19
    Use: Scroll            |       |       |    15 |     4 |    11 |       ||    30
         Potion            |       |       |       |     1 |     5 |     1 ||     7
   Stab: Sleeping          |       |     2 |     1 |       |       |       ||     3
 Armour: Animal skin       |    54 |    64 |    13 |       |       |       ||   131
         Chain mail        |       |       |   156 |   438 |   576 |    20 ||  1190
  Dodge: Dodged            |    72 |    74 |   136 |   265 |   370 |     6 ||   923
  Block: Buckler           |       |       |       |    33 |   133 |     1 ||   167
